 Dungeon Sprint DCSS version 0.21-a0-274-gc1afaeb (webtiles) character file.

23 potatolord6000 the Skirmisher (level 2, -3/28 HPs)
             Began as a Hill Orc Fighter on Sept 19, 2017.
             Was a Follower of Beogh.
             Slain by a gnoll
             ... wielding a +0 halberd
              (12 damage)
             ... in the Dungeon (Sprint VII: "The Pits").
             The game lasted 00:01:05 (146 turns).

potatolord6000 the Skirmisher (Hill Orc Fighter)     Turns: 146, Time: 00:01:05

Health: -3/28      AC:  7    Str: 23    XL:     2   Next: 95%
Magic:  4/4        EV:  7    Int:  8    God:    Beogh [*.....]
Gold:   0          SH:  9    Dex: 10    Spells: 1/1 levels left

rFire    . . .     SeeInvis .   a - +0 war axe
rCold    . . .     Gourm    .   c - +0 shield
rNeg     . . .     Faith    .   b - +0 scale mail
rPois    .         Spirit   .   (no helmet)
rElec    .         Reflect  .   (no cloak)
rCorr    .         Harm     .   (no gloves)
MR       .....     NoTele   +   (no boots)
Stlth    ..........             (no amulet)
HPRegen  0.09/turn              (no ring)
MPRegen  0.09/turn              (no ring)

@: mighty, fainting, hasted, very quick
A: no striking features
a: Renounce Religion


You were in the Dungeon.
You worshipped Beogh.
Beogh was aware of your devotion.
You were fainting.

You visited 1 branch

Inventory:

Hand Weapons
 a - a +0 war axe (weapon)
Armour
 b - a +0 scale mail (worn)
 c - a +0 shield (worn)
Scrolls
 k - a scroll of blinking
 m - 3 scrolls of remove curse
 n - 5 scrolls of amnesia
 o - a scroll of summoning
Potions
 e - a potion of curing
 i - 4 potions of magic
 j - 3 potions of berserk rage
 l - 2 potions of invisibility
Comestibles
 f - 8 bread rations
 p - 40 fruits
 q - 7 meat rations


   Skills:
 + Level 4.7 Fighting
 + Level 4.2 Axes
 + Level 4.3 Armour
 + Level 4.1 Shields
 + Level 2.7 Invocations


You had one spell level left.
You didn't know any spells.

Dungeon Overview and Level Annotations

Branches:
Dungeon (1/1)

Altars:
Ashenzari
Cheibriados
Dithmenos
Elyvilon
Fedhas
Gozag
Hepliaklqana
Kikubaaqudgha
Makhleb
Nemelex Xobeh
Okawaru
Qazlal
Ru
Sif Muna
Trog
Uskayaw
Vehumet
Wu Jian
Xom
Yredelemnul
Zin
The Shining One
Beogh
Jiyva
Lugonu


Message History

You feel slightly more hungry.
You barely miss the hungry ghost.
The hungry ghost is almost destroyed.
You block the gnoll's attack. The hungry ghost hits you.
You feel slightly more hungry.
You miss the hungry ghost.
The hungry ghost is almost destroyed.
The gnoll barely misses you. You block the hungry ghost's attack.
You barely miss the hungry ghost.
The hungry ghost is almost destroyed.
You miss the hungry ghost.
The hungry ghost is almost destroyed.
The hungry ghost hits you.
You feel slightly more hungry.
The gnoll hits you from afar with a halberd.
Unknown command.
You closely miss the hungry ghost.
The hungry ghost is almost destroyed.
You block the hungry ghost's attack.
The gnoll hits you from afar with a halberd!
You die...

##########'##...........
#.?(.')))'.##......#..#.
##########.##...........
#..........)'...........
#+#####'#####......#..#.
#..†..##...........
#####)#####'#####++
#.....##.......#
#..@..##.......#
###W####.......#
#.Z5g.##...<...#
........##.......#
#........##.......#
###########.......#
#########


You could see a hungry ghost, a gnoll, an ufetubus and a giant cockroach zombie.

Vanquished Creatures
  A gnoll (D)
  2 oozes (D)
  2 kobolds (D)
5 creatures vanquished.

Vanquished Creatures (others)
  A spriggan (D)
1 creature vanquished.

Grand Total: 6 creatures vanquished

Notes
Turn   | Place    | Note
-------+----------+-------------------------------------------
     0 | D        | potatolord6000 the Hill Orc Fighter began the quest for the Orb.
     0 | D        | Reached XP level 1. HP: 19/19 MP: 1/1
    44 | D        | Found a bloodstained altar of Trog.
    44 | D        | Found a deep blue altar of Sif Muna.
    44 | D        | Found a viscous altar of Jiyva.
    44 | D        | Found a hazy altar of Hepliaklqana.
    44 | D        | Found an opulent altar of Gozag.
    45 | D        | Found a glowing golden altar of the Shining One.
    45 | D        | Found a glowing silver altar of Zin.
    45 | D        | Found a basalt altar of Yredelemnul.
    45 | D        | Found a shimmering altar of Xom.
    45 | D        | Found an ornate altar of the Wu Jian Council.
    45 | D        | Found a sacrificial altar of Ru.
    45 | D        | Found a stormy altar of Qazlal.
    45 | D        | Found an iron altar of Okawaru.
    45 | D        | Found a sparkling altar of Nemelex Xobeh.
    45 | D        | Found a burning altar of Makhleb.
    45 | D        | Found a blossoming altar of Fedhas.
    45 | D        | Found a white marble altar of Elyvilon.
    45 | D        | Found a shadowy altar of Dithmenos.
    45 | D        | Found a snail-covered altar of Cheibriados.
    47 | D        | Found a radiant altar of Vehumet.
    47 | D        | Found a corrupted altar of Lugonu.
    47 | D        | Found a roughly hewn altar of Beogh.
    49 | D        | Found an ancient bone altar of Kikubaaqudgha.
    49 | D        | Found a hide-covered altar of Uskayaw.
    49 | D        | Found a shattered altar of Ashenzari.
    57 | D        | Became a worshipper of Beogh the Brigand
    77 | D        | Reached skill level 1 in Invocations
    84 | D        | Reached XP level 2. HP: 28/28 MP: 1/3
   101 | D        | Reached * piety under Beogh
   117 | D        | Noticed a hungry ghost
   132 | D        | Killed a spriggan
   146 | D        | Slain by a gnoll

Vault maps used:
D:        pitsprint

Skill      XL: |  1  2 |
---------------+-------+-----
Axes           | 3 4 |  4.2
Fighting       | 4 |  4.7
Invocations    | 2 |  2.7
Armour         | 4 |  4.3
Shields        | 4 |  4.1

Action                   || total
-------------------------++-------
Melee: War axe           ||    39
  Use: Potion            ||     3
Armor: Scale mail        ||    17
Dodge: Dodged            ||    14
Block: Shield            ||    30

Table legend:
 A = Spawn XP
 B = Non-spawn XP
 C = Spawn XP percentage of total XP
 D = Spawn monster count
 E = Non-spawn monster count
 F = Spawn count percentage of total count
 G = Total turns spent on level
                    A         B        C        D         E        F      G
               +---------+---------+-------+---------+---------+-------+---------
         Total |       0 |      33 |   0.0 |       0 |       5 |   0.0 |   146
               +---------+---------+-------+---------+---------+-------+---------
             D |       0 |      33 |   0.0 |       0 |       5 |   0.0 |   146
               +---------+---------+-------+---------+---------+-------+---------
